 Dungeon Crawl Stone Soup version 0.31-a0-986-g5e6e4ef867 (webtiles) character file.

Game seed: 3464904470939084870

51 croobank the Ruffian (level 3, -4/24 HPs)
             Began as an Octopode Shapeshifter on Nov 23, 2023.
             Slain by a gnoll
             ... wielding a +0 club
              (6 damage)
             ... on level 2 of the Dungeon.
             The game lasted 00:02:20 (997 turns).

croobank the Ruffian (Octopode Shapeshifter)         Turns: 997, Time: 00:02:20

Health: -4/24      AC:  1    Str: 13    XL:     3   Next: 81%
Magic:  3/3        EV: 13    Int: 14    God:
Gold:   48         SH:  5    Dex: 11    Spells: 2/2 levels left

rFire   . .          .
                       - Unarmed
rCold   . . .        (no shield)
rNeg    . . .        (helmet currently unavailable)
rPois   .            d - amulet of reflection
rElec   .            n - ring of resist corrosion
rCorr   +            (no ring)
SInv    .            (no ring)
Will    .....        (no ring)
Stlth   ++           (no ring)
HPRegen 0.24/turn    (no ring)
MPRegen 0.08/turn    (no ring)
                     (no ring)

%: reflection
@: beast-form
A: beast (slay +1), almost no armour, amphibious, 8 rings, camouflage 1,
gelatinous body 1, (nimble swimmer 1), tentacles
a: Begin Untransformation


You were on level 2 of the Dungeon.
You were a hulking beast.
You visited 1 branch of the dungeon, and saw 2 of its levels.

You collected 48 gold pieces.

Inventory:

Hand Weapons
 a - a +0 dagger
 b - a +0 orcbow
Jewellery
 d - an amulet of reflection (around mantle)
 n - a ring of resist corrosion (left tentacle)
Talismans
 c - a flux talisman
 k - a beast talisman
 l - a maw talisman
Potions
 f - 2 potions of curing {unknown}
 g - a potion of experience {unknown}
 h - a potion of lignification
 i - a potion of mutation {unknown}
 j - a potion of brilliance {unknown}
 m - a potion of magic {unknown}
 p - a potion of haste {unknown}


   Skills:
 + Level 1.8 Fighting
 + Level 2.6 Dodging
 + Level 3.4 Unarmed Combat
 + Level 3.4 Shapeshifting


You had 2 spell levels left.
You didn't know any spells.
Your spell library contained the following spells:

 Spells                   Type           Power      Damage    Failure   Level
 Ensorcelled Hibernation  Hex/Ice        0%         N/A       41%         2
 Passwall                 Tmut/Erth      0%         N/A       41%         2
 Swiftness                Air            0%         N/A       65%         3


Dungeon Overview and Level Annotations

Branches:
Dungeon (2/15)

Altars:


Innate Abilities, Weirdness & Mutations

You are a hulking beast.
Your limbs bulge with bestial killing power. (Slay +1)
You cannot wear most types of armour.
You are amphibious.
You can wear up to eight rings at the same time.
Your skin changes colour to match your surroundings (Stealth+).
Your rubbery body absorbs attacks. (AC +1, EV +1)
((You are camouflaged when in or above water. (Stealth+)))
You have tentacles for arms and can constrict up to eight enemies at once.


Message History

Your squeeze misses the goblin. You constrict the goblin.
The goblin misses you.
You tentacle-slap the goblin.
You kill the goblin!
No target in view!
No target in view!
No target in view!
You see here a +0 dagger.
p - a bubbling orange potion You pick up a book of Burglary and begin reading...
You add the spells Passwall, Ensorcelled Hibernation and Swiftness to your library.
As you open the door, it creaks loudly! 2 gnolls come into view.
The gnoll shouts!
You hear a shout!
A gnoll comes into view. It is wielding a +0 club.
The gnoll moves out of view. x2
A gnoll is nearby!
A gnoll comes into view. It is wielding a +0 spear.
The gnoll shouts! x2
There is an open door here.
The gnoll hits you with a +0 spear. The gnoll hits you with a +0 club!
You barely miss the gnoll. You grab the gnoll. You tentacle-slap the gnoll.
You squeeze the gnoll.
The gnoll is severely wounded.
You constrict the gnoll. The gnoll completely misses you.
The gnoll hits you with a +0 club!
* * * LOW HITPOINT WARNING * * *
The gnoll hits you with a +0 spear.
* * * LOW HITPOINT WARNING * * *
As you read the scroll labelled QOZEABRUCK, it crumbles to dust.
It is a scroll of amnesia.
You feel forgetful for a moment.
You constrict the gnoll, but do no damage.
The gnoll escapes!
The gnoll closely misses you. You block the gnoll's attack.
As you read the scroll labelled GAH QEMNEVEBLU, it crumbles to dust.
You hear a loud clanging noise!
It was a scroll of noise.
You hear an angry hiss.
You hear a shout!
You hear an angry hiss.
You block the gnoll's attack. The gnoll hits you with a +0 club.
You die...

#.# #.# ####..
############ #....)
...........# ####.##.#
...........# #........
.....g.....# #........
......gg...#####........
......gh................
#...........#####.######
###.#####'#.# #........
#.### #.# # ##..######
...# #.# ##.[## #####
#######.###.# ##...#
....# ............#
#....# ....#
######.##### #..########
....##########..##
#.#.†.....##


You could see 4 gnolls.

Vanquished Creatures
  A gnoll (D:1)
  A worm (D:2)
  2 dart slugs
  3 endoplasms (D:1)
  A giant cockroach (D:1)
  A goblin (D:2)
  5 hobgoblins
  10 kobolds
  2 quokkas (D:1)
  A bat (D:1)
  2 frilled lizards
  2 rats (D:1)
31 creatures vanquished.

Notes
Turn   | Place    | Note
-------+----------+-------------------------------------------
     0 | D:1      | croobank the Octopode Shapeshifter began the quest for the
                  | Orb.
     0 | D:1      | Reached XP level 1. HP: 13/13 MP: 1/1
    75 | D:1      | Reached XP level 2. HP: 18/18 MP: 2/2
   456 | D:1      | Reached XP level 3. HP: 23/23 MP: 3/3
   997 | D:2      | Slain by a gnoll

Illustrated notes

Levels and vault maps discovered:
D:1:      lightli_iron_boxes, layout_basic, serial_curves, eino_curves_04,
          eino_curves_04, eino_curves_04, eino_curves_01,
          amcnicky_mini_pool_small
D:2:      layout_basic, shapermc_ecumenical_altar_pompeii

Action                     || total
---------------------------++-------
  Melee: Unarmed           ||    64
         Tentacles         ||    15
         Constrict         ||    17
         Punch             ||     3
    Use: Scroll            ||     2
   Stab: Sleeping          ||     9
 Armour: Skin              ||    12
  Dodge: Dodged            ||    33
  Block: Other             ||     7

Table legend: (Time is in decaauts)
 A = Elapsed time spent in this place.
 B = Non-inter-level travel time spent in this place.
 C = Inter-level travel time spent in this place.
 D = Time resting spent in this place.
 E = Time spent auto-exploring this place.
 F = Levels seen in this place.
 G = Mean time per level.
                   A        B        C        D        E       F      G
               +--------+--------+--------+--------+--------+-----+--------+
         Total |    992 |    987 |      5 |      0 |    733 |   2 |  496.0 |
       Dungeon |    992 |    987 |      5 |      0 |    733 |   2 |  496.0 |
               +--------+--------+--------+--------+--------+-----+--------+

Top non-repeatable levels by time:
     D:1: 634 daAuts
     D:2: 358 daAuts
